 Dungeon Crawl Stone Soup version 0.14-a0-1876-g927fc3a (webtiles) character file.

52583 4tharraofdagon the Arsonist (level 13, -13/94 HPs)
             Began as a Demigod Fire Elementalist on Jan 15, 2014.
             Killed from afar by a deep elf conjurer (42 damage)
             ... with a bolt of negative energy
             ... on Level 2 of the Elven Halls.
             The game lasted 01:53:46 (11753 turns).

4tharraofdagon the Arsonist (DgFE)                 Turns: 11753, Time: 01:53:46

HP -13/94        AC 16     Str 12      XL: 13   Next: 91%
MP   6/32        EV  9     Int 29      God:
Gold 714         SH 11     Dex 17      Spells:  8 memorised, 10 levels left

rFire  + . .     SeeInvis .     t - +3,+6 flail (protect)
rCold  + . .     Clarity  .     i - +0 troll leather armour
rNeg   . . .     Conserve .     g - +2 buckler {reflect}
rPois  +         rCorr    .     P - +0 hat {MR+}
rElec  .         rRot     .     V - +0 elf cloak
SustAb . .       Spirit   .     r - +0 pair of gloves
rMut   .         Warding  .     a - +0 pair of boots
Gourm  +         Stasis   .     k - cursed amulet of the gourmand
MR     ++...                    m - ring "Hisiucse" {Hunger rPois rF+ rC+ Int+3}
                                d - cursed ring of wizardry

@: repel missiles, heavily drained, very resistant to hostile enchantments,
fairly stealthy
A: rough black scales 1, breathe flames 1, robust 1, slow metabolism 1, spit
poison 1
a: Spit Poison, Breathe Fire


You were on level 2 of the Elven Halls.
You were very full.

You visited 4 branches of the dungeon, and saw 26 of its levels.
You also visited: Labyrinth, Ossuary and Volcano.

You collected 2084 gold pieces.
You spent 1370 gold pieces at shops.

Inventory:

Hand weapons
 t - a +3,+6 flail of protection (weapon)
Missiles
 y - 14 darts (quivered)
Armour
 a - a +0 pair of boots (worn)
 g - a +2 buckler of reflection (worn)
 i - a +0 troll leather armour (worn)
 r - a +0 pair of gloves (worn)
 P - a +0 hat of magic resistance (worn)
 V - a +0 elven cloak (worn)
Magical devices
 H - a wand of disintegration (0)
 I - a wand of digging (15)
Comestibles
 c - 5 bread rations
 B - a snozzcumber
 G - 2 meat rations
 T - a royal jelly
Scrolls
 n - a scroll of magic mapping
 u - 5 scrolls of teleportation
 w - 3 scrolls of amnesia
 x - a scroll of recharging
 E - 4 scrolls of noise
 O - 3 scrolls of identify
 S - 6 scrolls of remove curse
 Y - a scroll of fog
Jewellery
 d - a cursed ring of wizardry (left hand)
 k - a cursed amulet of the gourmand (around neck)
 m - the ring "Hisiucse" (right hand) {Hunger rPois rF+ rC+ Int+3}
   (You bought it in a shop on level 4 of the Orcish Mines)

   [ring of poison resistance]

   It affects your intelligence (+3).
   It protects you from fire.
   It protects you from cold.
   It speeds your metabolism.
 o - an uncursed amulet of warding
 q - a cursed amulet of resist mutation
 z - an uncursed ring of flight
 F - an uncursed ring of protection from magic
 K - an uncursed ring of sustain abilities
 M - a +2 ring of protection
 Q - an uncursed ring of protection from magic
Potions
 e - 7 potions of restore abilities
 f - 2 potions of berserk rage
 h - 12 potions of curing
 p - 2 potions of heal wounds
 v - 3 potions of brilliance
 A - 3 potions of agility
 C - 4 potions of might
 D - 2 potions of flight
 L - a potion of speed
 N - 4 potions of resistance
Magical staves
 l - an uncursed staff of wizardry
Rods
 W - a +2 rod of venom (5/9)
   (You found it in a labyrinth)


   Skills:
 - Level 1.7(0.4) Dodging
 - Level 1.7(0.4) Stealth
 - Level 3.3(1.9) Shields
 + Level 9.4(7.7) Spellcasting
 * Level 13.6(11.8) Conjurations
 - Level 5.2(3.7) Translocations
 * Level 13.7(11.9) Fire Magic
 + Level 4.2(2.7) Evocations


You had 10 spell levels left.
You knew the following spells:

 Your Spells              Type           Power        Failure   Level  Hunger
a - Flame Tongue          Conj/Fire      #####        1%          1    None
b - Conjure Flame         Conj/Fire      ######..     1%          3    None
c - Sticky Flame          Conj/Fire      ######..     1%          4    ##.....
d - Fireball              Conj/Fire      ######....   1%          5    ####...
e - Apportation           Tloc           ####......   1%          1    None
f - Swiftness             Chrm/Air       ##......     4%          2    None
g - Blink                 Tloc           N/A          1%          2    None
h - Repel Missiles        Chrm/Air       ##........   4%          2    None


Dungeon Overview and Level Annotations

Branches:
Dungeon (12/16)            Temple (0/1) D:7             Orc (4/4) D:12
    Elf (2/3) Orc:3          Lair (8/8) D:11         Spider (0/5) Lair:4
  Slime (0/6) Lair:7
  Swamp: Lair:3-6    Shoals: Lair:3-6     Snake: Lair:3-6

Shops:
Orc:4 !=((*   Elf:2 (

Annotations:
Orc:2 Psyche
Orc:4 WUCAD
Lair:2 exclusion: oklob plant


Innate Abilities, Weirdness & Mutations

You are partially covered in rough black scales (AC +4, Dex -1).
You can breathe flames.
You are robust (+10% HP).
You have a slow metabolism.
You can spit poison.


Message History

Unknown command.
The orange rat disappears in a puff of smoke!
The deep elf conjurer is engulfed in roaring flames.
You kill the deep elf conjurer!
Unknown command.
The deep elf conjurer points at you and mumbles some strange words.
You hear a sizzling sound!
You start resting.
The deep elf conjurer gestures at you while chanting.
The bolt of negative energy hits you!
You feel drained.
* * * LOW HITPOINT WARNING * * *
Casting: Fireball
Confirm with . or Enter, or press ? or * to list all spells.
Okay, then.
Drink which item? (? for menu, Esc to quit)
You feel much better.
The deep elf conjurer looks more healthy.
The deep elf conjurer gestures at you while chanting.
The bolt of negative energy hits you!
You feel drained.
You die...

........e...##........#**,>,*
............##.s§...>.# *,,,*
...........s.......§..# *,,,*
..#.........##...).)..# *, ,*
............######e#### ,,,*
..##........# #§# *****
,,*#........# #(#
,,**,,,,....######e# ,,, ,,
,........@..#
********############


You could see a deep elf conjurer.

Vanquished Creatures
  Rupert (Lair:4)
  A minotaur (Lab)
  A deep elf death mage (Elf:2)
  A hydra (Lair:7)
  10 death yaks
  4 orc high priests (Orc:4)
  4 deep elf knights (Elf:2)
  Erolcha (Orc:4)
  A hill giant (D:11)
  3 griffons
  7 orc knights (Orc:4)
  A lindwurm (Lair:8)
  A cyclops (D:11)
  3 deep elf conjurers (Elf:2)
  2 orc sorcerers
  10 elephants
  A deep elf summoner (Elf:2)
  A black mamba (Lair:6)
  7 spiny frogs
  2 deep elf priests (Elf:1)
  3 komodo dragons
  2 fire drakes (Volcano)
  4 trolls
  2 grizzly bears (Lair:8)
  6 blink frogs
  2 basilisks (Lair:8)
  A wyvern (Lair:2)
  A fire dragon skeleton (D:12)
  11 deep elf magi
  2 steam dragons (Lair:8)
  14 yaks
  Eustachio (D:7)
  A hungry ghost (D:12)
  A hill giant zombie (D:7)
  5 hippogriffs
  12 deep elf fighters
  Menkaure (D:6)
  5 wolves
  A mottled dragon (Lair:8)
  27 orc warriors
  3 ice beasts
  3 phantoms
  A sky beast (D:11)
  3 swamp drakes
  2 black bears
  6 porcupines
  8 ogres
  4 wargs
  A centaur (D:8)
  5 giant slugs
  A big kobold (D:11)
  10 crocodiles
  9 water moccasins
  2 gnoll sergeants
  2 giant frogs
  7 agate snails
  6 killer bees (D:8)
  5 wights (D:12)
  4 crimson imps
  2 goliath beetles (D:6)
  7 spiders (Lair:4)
  5 worker ants
  2 scorpions
  A gnoll shaman (D:6)
  30 orc priests
  8 hounds
  25 orc wizards
  A giant frog skeleton (D:8)
  2 jellies
  4 iguanas
  An iron imp (Orc:3)
  2 orange rats (Elf:2)
  A sky beast zombie (D:8)
  4 sheep (D:11)
  An ogre skeleton (D:5)
  11 mummies
  16 adders
  11 gnolls
  15 green rats
  A shadow imp (Orc:3)
  A white imp (Orc:3)
  A giant centipede (Lair:4)
  5 worms
  An adder zombie (D:6)
  2 giant eyeballs
  6 giant geckos
  150 orcs
  2 ball pythons
  9 bats
  2 giant cockroaches
  2 gnoll zombies (Ossuary)
  11 hobgoblins
  27 jackals
  7 quokkas
  3 giant newts
  A giant spore (D:11)
  18 goblins
  2 hobgoblin skeletons
  4 hobgoblin zombies (Ossuary)
  6 kobolds
  5 kobold zombies
  8 orc zombies
  20 rats
  A rat skeleton (D:4)
  9 ballistomycetes (D:11)
  2 plants
701 creatures vanquished.

Vanquished Creatures (others)
  An orc zombie (Orc:3)
  5 plants (Lair:8)
6 creatures vanquished.

Grand Total: 707 creatures vanquished

Notes
Turn   | Place    | Note
--------------------------------------------------------------
     0 | D:1      | 4tharraofdagon, the Demigod Fire Elementalist, began the quest for the Orb.
     0 | D:1      | Reached XP level 1. HP: 14/14 MP: 3/3
    10 | D:1      | Reached skill level 1 in Conjurations
   158 | D:1      | Reached XP level 2. HP: 10/20 MP: 2/5
   308 | D:2      | Reached skill level 3 in Fire Magic
   367 | D:2      | Reached XP level 3. HP: 22/26 MP: 3/8
   372 | D:2      | Learned a level 3 spell: Conjure Flame
   599 | D:3      | Reached XP level 4. HP: 33/33 MP: 11/11
   674 | D:4      | Found a sand-covered staircase.
   707 | D:4      | Learned a level 4 spell: Sticky Flame
   708 | Ossuary  | Entered an ossuary
   777 | Ossuary  | Reached skill level 4 in Fire Magic
   813 | Ossuary  | Reached XP level 5. HP: 38/38 MP: 1/12
  1361 | D:4      | Reached XP level 6. HP: 45/45 MP: 11/16
  1429 | D:4      | Noticed an ogre
  1435 | D:4      | Killed an ogre
  1462 | D:4      | Reached skill level 5 in Fire Magic
  1537 | D:5      | Entered Level 5 of the Dungeon
  1555 | D:5      | Paralysed by a giant eyeball for 2 turns
  1821 | D:6      | Reached skill level 1 in Shields
  1821 | D:6      | Reached XP level 7. HP: 36/50 MP: 14/19
  1848 | D:6      | Gained mutation: You have a pair of small antennae on your head. [potion of mutation]
  1848 | D:6      | Gained mutation: You are dopey. (Int -2) [potion of mutation]
  1848 | D:6      | Gained mutation: You are robust (+10% HP). [potion of mutation]
  1849 | D:6      | Gained mutation: You can breathe flames. [potion of mutation]
  1849 | D:6      | Lost mutation: You have a pair of small antennae on your head. [potion of mutation]
  1849 | D:6      | Lost mutation: You are dopey. (Int -2) [potion of mutation]
  1861 | D:6      | Gained mutation: You are partially covered in rough black scales (AC +4, Dex -1). [potion of mutation]
  1861 | D:6      | Gained mutation: You can spit poison. [potion of mutation]
  1861 | D:6      | Gained mutation: You have a slow metabolism. [potion of mutation]
  1882 | D:6      | Learned a level 5 spell: Fireball
  1885 | D:6      | Found a sparkling altar of Nemelex Xobeh.
  2000 | D:6      | Noticed Menkaure
  2004 | D:6      | Killed Menkaure
  2043 | D:6      | Reached skill level 6 in Fire Magic
  2114 | D:5      | Found a radiant altar of Vehumet.
  2194 | D:6      | Reached skill level 5 in Conjurations
  2200 | D:6      | Reached XP level 8. HP: 52/62 MP: 14/21
  2299 | D:7      | Noticed Eustachio
  2306 | D:7      | Killed Eustachio
  2658 | D:8      | Reached skill level 7 in Fire Magic
  2723 | D:7      | Found a staircase to the Ecumenical Temple.
  3001 | D:8      | Reached XP level 9. HP: 66/68 MP: 15/23
  3188 | D:10     | Entered Level 10 of the Dungeon
  3294 | D:10     | Reached skill level 5 in Spellcasting
  3321 | D:11     | Noticed a cyclops
  3383 | D:11     | Killed a cyclops
  3383 | D:11     | Reached skill level 8 in Fire Magic
  3437 | D:11     | Found an iron altar of Okawaru.
  3566 | D:11     | Found a labyrinth entrance.
  3679 | Lab      | Entered a labyrinth
  4290 | Lab      | Noticed a minotaur
  4301 | Lab      | Killed a minotaur
  4317 | Lab      | Got a transparent battleaxe
  4322 | Lab      | Learned a level 1 spell: Apportation
  4324 | Lab      | Identified a +2 rod of venom (9/9) (You found it in a labyrinth)
  4326 | Lab      | Identified the +3,+2 battleaxe of Descent {drain, rElec rN+} (You found it in a labyrinth)
  4438 | D:11     | Noticed a hill giant
  4453 | D:11     | Killed a hill giant
  4453 | D:11     | Reached skill level 9 in Fire Magic
  4453 | D:11     | Reached XP level 10. HP: 75/75 MP: 18/26
  4485 | D:11     | Reached skill level 1 in Translocations
  4554 | D:11     | Found a staircase to the Lair.
  4584 | Lair:1   | Entered Level 1 of the Lair of Beasts
  4770 | Lair:1   | Found a dark tunnel.
  4789 | Volcano  | Entered a volcano
  4810 | Volcano  | Noticed a fire crab
  5096 | Lair:2   | Noticed an oklob plant
  5157 | Lair:2   | Reached skill level 10 in Fire Magic
  5516 | Lair:5   | Noticed a griffon
  5525 | Lair:5   | Killed a griffon
  5525 | Lair:5   | Reached XP level 11. HP: 64/81 MP: 17/28
  5675 | Lair:6   | Reached skill level 10 in Conjurations
  5706 | Lair:6   | Identified a scroll of acquirement
  5913 | Lair:8   | Entered Level 8 of the Lair of Beasts
  6153 | Lair:8   | ::(
  6436 | Lair:8   | Reached skill level 11 in Fire Magic
  6660 | Lair:8   | Reached skill level 5 in Translocations
  6718 | Lair:8   | Noticed a fire dragon
  6821 | Lair:7   | Noticed a death yak
  6822 | Lair:7   | Noticed a death yak
  6822 | Lair:7   | Noticed a death yak
  6983 | Lair:7   | Reached XP level 12. HP: 63/89 MP: 25/30
  6992 | Lair:7   | Found a viscous altar of Jiyva.
  6993 | Lair:7   | Found a staircase to the Slime Pits.
  7028 | Lair:7   | Noticed a death yak
  7029 | Lair:7   | Noticed a death yak
  7068 | Lair:7   | Killed a death yak
  7068 | Lair:7   | Killed a death yak
  7106 | Lair:7   | Killed a death yak
  7119 | Lair:7   | Killed a death yak
  7130 | Lair:7   | Killed a death yak
  7365 | Lair:7   | Noticed a five-headed hydra
  7435 | Lair:7   | Killed a five-headed hydra
  7435 | Lair:7   | Reached skill level 12 in Fire Magic
  7495 | Lair:6   | Found a burning altar of Makhleb.
  7571 | Lair:5   | Learned a level 2 spell: Swiftness
  7661 | Lair:4   | Noticed a death yak
  7666 | Lair:4   | Noticed Rupert
  7678 | Lair:4   | Noticed a death yak
  7680 | Lair:4   | Noticed a death yak
  7682 | Lair:4   | Noticed a death yak
  7683 | Lair:4   | Noticed a death yak
  7692 | Lair:4   | Killed a death yak
  7702 | Lair:4   | Killed Rupert
  7705 | Lair:4   | Killed a death yak
  7720 | Lair:4   | Killed a death yak
  7729 | Lair:4   | Killed a death yak
  7763 | Lair:4   | Killed a death yak
  7810 | Lair:4   | Found a hole to the Spider Nest.
  8183 | Lair:3   | Noticed a griffon
  8191 | Lair:3   | Killed a griffon
  8444 | D:12     | Reached XP level 13. HP: 90/94 MP: 27/32
  8615 | D:12     | Learned a level 2 spell: Blink
  8622 | D:12     | Found a staircase to the Orcish Mines.
  8713 | Orc:1    | Entered Level 1 of the Orcish Mines
  9474 | Orc:3    | :D
  9583 | Orc:3    | Reached skill level 1 in Evocations
  9611 | Orc:3    | Learned a level 2 spell: Repel Missiles
  9648 | Orc:2    | Noticed Psyche
  9760 | Orc:3    | Found a staircase to the Elven Halls.
  9760 | Orc:3    | Found a roughly hewn altar of Beogh.
  9792 | Orc:4    | Entered Level 4 of the Orcish Mines
  9916 | Orc:4    | Found Jotet Throa's Weapon Boutique.
  9965 | Orc:4    | Found a shimmering altar of Xom.
 10008 | Orc:4    | Noticed Erolcha
 10017 | Orc:4    | Killed Erolcha
 10371 | Orc:4    | Reached skill level 13 in Fire Magic
 11114 | Orc:4    | Found Sufrun's Weapon Boutique.
 11114 | Orc:4    | Found Luam Uwa's Distillery.
 11114 | Orc:4    | Found Ucvarhas' Jewellery Shop.
 11115 | Orc:4    | Found Mniuj's General Store.
 11127 | Orc:4    | Bought an uncursed amulet of inaccuracy for 36 gold pieces
 11129 | Orc:4    | Bought the ring "Hisiucse" {Hunger rPois rF+ rC+ Int+3} for 1166 gold pieces
 11133 | Orc:4    | Bought a scroll of identify for 28 gold pieces
 11133 | Orc:4    | Bought a scroll of identify for 28 gold pieces
 11139 | Orc:4    | Bought a potion of heal wounds for 42 gold pieces
 11139 | Orc:4    | Bought a potion of heal wounds for 42 gold pieces
 11139 | Orc:4    | Bought a potion of curing for 28 gold pieces
 11264 | Elf:1    | Entered Level 1 of the Elven Halls
 11480 | Elf:1    | thx
 11690 | Elf:2    | Found Ehuho's Weapon Shoppe.
 11720 | Elf:2    | ::D
 11752 | Elf:2    | HP: 2/94 [deep elf conjurer/bolt of negative energy (38)]
 11753 | Elf:2    | Killed from afar by a deep elf conjurer

Action                   |  1- 3 |  4- 6 |  7- 9 | 10-12 | 13-15 || total
-------------------------+-------+-------+-------+-------+-------++-------
Melee: Club              |    16 |       |       |       |       ||    16
       Falchion          |    12 |       |       |       |       ||    12
       Flail             |    10 |   161 |   170 |   434 |   399 ||  1174
 Cast: Flame Tongue      |    40 |    22 |    46 |    46 |     8 ||   162
       Sticky Flame      |       |    17 |    41 |   101 |    46 ||   205
       Conjure Flame     |       |     2 |    13 |    59 |    18 ||    92
       Fireball          |       |       |     5 |    19 |   100 ||   124
       Apportation       |       |       |       |    18 |    20 ||    38
       Repel Missiles    |       |       |       |       |     3 ||     3
 Abil: Spit Poison       |       |       |       |       |     1 ||     1
Evoke: Wand              |       |     1 |    11 |     7 |     2 ||    21
       Rod               |       |       |       |     1 |     5 ||     6
  Use: Scroll            |     1 |    15 |    10 |    16 |     9 ||    51
       Potion            |       |       |     4 |     9 |     3 ||    16
 Stab: Distracted        |       |       |     1 |       |       ||     1
       Confused          |       |       |     3 |     1 |       ||     4
       Sleeping          |       |       |     2 |     7 |       ||     9
